 Dungeon Crawl Stone Soup version 0.28.0-53-g5a82cb258f (webtiles) character file.

Game seed: 17848391921603508006

155 pkoi the Digger (level 4, -2/33 HPs)
             Began as a Demigod Earth Elementalist on May 26, 2022.
             Slain by a scorpion (8 damage)
             ... on level 4 of the Dungeon.
             The game lasted 00:03:24 (3412 turns).

pkoi the Digger (Demigod Earth Elementalist)        Turns: 3412, Time: 00:03:24

Health: -2/33      AC:  4    Str: 12    XL:     4   Next: 90%
Magic:  6/9        EV: 12    Int: 23    God:
Gold:   143        SH:  0    Dex: 14    Spells: 2/6 levels left

rFire   . . .      SeeInvis .   m - +10 mace "Sedwuf" {protect, Str+3 Int+2}
rCold   . . .      Faith    .   (no shield)
rNeg    . . .      Spirit   .   b - +0 robe
rPois   .          Reflect  .   (no helmet)
rElec   .          Harm     .   o - scarf {repulsion}
rCorr   .          Rampage  .   g - +0 pair of gloves
Will    .....                   h - +0 pair of boots
Stlth   ++........              (no amulet)
HPRegen 0.11/turn               (no ring)
MPRegen 0.11/turn               (no ring)

@: lethally poisoned (-2 -> -11), repel missiles
A: high MP 1, forlorn, divine attributes
a: no special abilities


You were on level 4 of the Dungeon.
You visited 1 branch of the dungeon, and saw 4 of its levels.

You collected 143 gold pieces.

Inventory:

Hand Weapons
 f - a +0 dagger
 k - a +0 trident
 m - the +10 mace "Sedwuf" (weapon) {protect, Str+3 Int+2}
   (You found it on level 3 of the Dungeon)

   It grants its wielder temporary protection when it strikes (+7 to AC).
   Str:       It affects your strength (+3).
   Int:       It affects your intelligence (+2).
Missiles
 c - 94 stones
Armour
 b - a +0 robe (worn)
 g - a +0 pair of gloves (worn)
 h - a +0 pair of boots (worn)
 o - a scarf of repulsion (worn)
Scrolls
 a - a scroll of amnesia {unknown}
Potions
 d - 2 potions of haste {unknown}
 e - 2 potions of might {unknown}
 j - 3 potions of curing {unknown}


   Skills:
 - Level 1.7 Dodging
 - Level 1.7 Stealth
 - Level 1.7 Spellcasting
 * Level 2.2 Conjurations
 * Level 1.8 Transmutations
 + Level 4.3 Earth Magic


You had 2 spell levels left.
You knew the following spells:

 Your Spells              Type           Power      Damage    Failure   Level
a - Sandblast             Erth           44%        2d11      2%          1
b - Stone Arrow           Conj/Erth      34%        3d9       11%         3

Your spell library contained the following spells:

 Spells                   Type           Power      Damage    Failure   Level
 Passwall                 Tmut/Erth      13%        N/A       5%          2
 Petrify                  Tmut/Erth      16%        N/A       36%         4


Dungeon Overview and Level Annotations

Branches:
Dungeon (4/15)
 Temple: D:4-7


Innate Abilities, Weirdness & Mutations

You have an increased reservoir of magic. (+10% MP)
You shall have no god before yourself.
Your divine heritage dramatically boosts your attributes as you level up.


Message History

Items here: ) [[ †.
The blast of sand hits the white imp!
You kill the white imp!
Items here: ) [[ †.
g - a +0 pair of gloves You start putting on your armour.
You continue putting on your +0 pair of gloves. x4
You finish putting on your +0 pair of gloves.
Unknown command.
Unknown command.
Magic restored.
HP restored.
A scorpion is nearby!
A scorpion is nearby!
A scorpion is nearby!
The scorpion stings you.
The blast of sand hits the scorpion but does no damage.
The scorpion stings you.
You are poisoned.
The scorpion poisons you!
The blast of sand hits the scorpion but does no damage.
You feel sick. The scorpion stings you!
* * * LOW HITPOINT WARNING * * *
You are too injured to fight recklessly!
You are too injured to fight recklessly!
Aiming: Sandblast (safe; 2% risk of failure)
Press: ? - help, Q - select action, (/) - cycle Shift-Dir - straight line, f/p - scorpion
Aim: a scorpion (81% to hit)
The blast of sand hits the scorpion!
The scorpion is severely wounded.
You feel sick. The scorpion stings you!
* * * LOW HITPOINT WARNING * * *
You are lethally poisoned!
The scorpion poisons you!
You completely miss the scorpion.
The scorpion is severely wounded.
* * * LOW HITPOINT WARNING * * *
You feel very sick. The scorpion stings you!
You die...

#.. ..............# #..
..............# #..
#............. #..
#...........####+## #..
#...........##....# #..
#...........##....# #.)
#.....s.....##....# ###
#......@....##....# ##.
#...........##....####.)
#..............#.......#
#..........###)#.......#
############ #.#.......#
#.#...))... #...#'##...
#####.##### #.#


You could see a scorpion.

Vanquished Creatures
  2 orc wizards (D:4)
  2 adders
  A white imp (D:4)
  2 dart slugs
  6 orcs (D:4)
  3 ball pythons
  5 bats
  10 endoplasms
  2 giant cockroaches
  6 goblins
  7 hobgoblins
  5 jackals
  2 quokkas
  2 frilled lizards
  2 kobolds (D:3)
  7 rats
64 creatures vanquished.

Notes
Turn   | Place    | Note
-------+----------+-------------------------------------------
     0 | D:1      | pkoi the Demigod Earth Elementalist began the quest for the
                  | Orb.
     0 | D:1      | Reached XP level 1. HP: 14/14 MP: 5/5
   150 | D:1      | Reached skill level 3 in Earth Magic
   214 | D:1      | Reached XP level 2. HP: 20/20 MP: 1/7
  1161 | D:2      | Reached XP level 3. HP: 25/26 MP: 1/8
  1330 | D:2      | Learned a level 3 spell: Stone Arrow
  1443 | D:2      | Reached skill level 4 in Earth Magic
  1743 | D:3      | Identified the +10 mace "Sedwuf" {protect, Str+3 Int+2}
  2277 | D:3      | Reached skill level 1 in Conjurations
  2846 | D:4      | Noticed a scorpion
  2868 | D:4      | Reached skill level 1 in Transmutations
  2898 | D:4      | Reached XP level 4. HP: 27/33 MP: 4/9
  3412 | D:4      | Slain by a scorpion

Illustrated notes

Levels and vault maps discovered:
D:1:      dpeg_arrival_rooms_a, layout_loops_ring
D:2:      layout_basic, shapermc_ecumenical_altar_mp_ritualfount
D:3:      layout_loops_corners, grunt_temple_overflow_open
D:4:      layout_basic, nemelex_spade_bored_becter

Skill      XL: |  1  2  3  4 |
---------------+-------------+-----
Earth Magic    | 3 4 |  4.3
Conjurations   | 1 2 |  2.2
Transmutations | 1 |  1.8
Dodging        | |  1.7
Stealth        | |  1.7
Spellcasting   | |  1.7

Action                   |  1- 3 |  4- 6 || total
-------------------------+-------+-------++-------
Melee: Dagger            |    17 |       ||    17
       Mace              |    33 |    11 ||    44
       Punch             |       |     1 ||     1
 Cast: Sandblast         |    41 |     9 ||    50
  Use: Scroll            |     5 |       ||     5
 Stab: Sleeping          |     4 |       ||     4
Armor: Robe              |    24 |     6 ||    30
Dodge: Dodged            |    50 |     5 ||    55
       Repelled          |     1 |       ||     1
